[Event "*** Titled Tuesday Blitz"]
[Site "Chess.com"]
[Date "2021.03.09"]
[Round "6"]
[White "goldihouse"]
[Black "ChessQueen"]
[Result "0-1"]
[WhiteElo "2568"]
[BlackElo "2784"]
[TimeControl "180+1"]
[EndTime "11:11:45 PST"]
[Termination "ChessQueen won on time"]

1. c4 Nf6 2. g3 e5 3. Bg2 d5 4. cxd5 Nxd5 5. Nf3 Nc6 6. O-O Nb6 7. b3 Be7 8. Nc3 O-O 9. Bb2 f6 10. d3 Bg4 11. Rc1 Qc8 12. Re1 Rd8 13. Ne4 a5 14. a3 Be6 15. Qc2 Bd5 16. Ned2 Qg4 17. Nc4 Qh5 18. Red1 Qf7 19. Ncd2 a4 20. b4 Rac8 21.
Qb1 Na7 22. d4 exd4 23. Nxd4 Bxg2 24. Kxg2 Rd7 25. N2f3 Nc4 26. Qc2 Nxb2 27. Qxb2 Rcd8 28. Qc2 Nc8 29. Qxa4 Nb6 30. Qc2 c6 31. Nf5 Bf8 32. Ne3 g6 33. Rxd7 Rxd7 34. Rd1 Bh6 35. Rxd7 Nxd7 36. Nc4 Qd5 37. e4 Qe6 38. Qd3 Bf8 39.
Nd4 Qe7 40. Nf3 Qe6 41. h4 Kg7 42. Qd4 Kg8 43. Qd3 c5 44. b5 Kg7 45. Qd5 Qxd5 46. exd5 Kf7 47. Nfd2 f5 48. Nf3 Bg7 49. Ng5+ Kg8 50.
Ne6 Bf6 51. d6 Kf7 52. Nc7 h6 53. Nd5 Bd8 54. f4 Ke6 55. Nde3 Nf6 56. Kf3 Ne8 0-1

[Event "*** Titled Tuesday Blitz"]
[Site "Chess.com"]
[Date "2021.03.09"]
[Round "6"]
[White "ri4mi"]
[Black "francyIM"]
[Result "1/2-1/2"]
[WhiteElo "2432"]
[BlackElo "2595"]
[TimeControl "180+1"]
[EndTime "11:11:45 PST"]
[Termination "Game drawn - insufficient material"]

1. d4 Nf6 2. Nc3 d5 3. Bf4 a6 4. e3 h6 5. Nf3 Bg4 6. h3 Bh5 7. Bd3 Bxf3 8. Qxf3 e6 9. g4 Bb4 10. O-O Nbd7 11. Ne2 Bd6 12. c4 O-O 13. c5 Bxf4 14.
exf4 Nh7 15. Ng3 Qh4 16. Kg2 c6 17. b4 f6 18. Rfe1 Rae8 19. Bg6 Kh8 20. Bxe8 Rxe8 21. a4 g5 22. b5 gxf4 23. Qxf4 Ng5 24. Rh1 Rg8 25.
bxc6 bxc6 26. Rab1 h5 27. Rb7 Rg7 28. Rxd7 Rxd7 29. Qxf6+ Kh7 30. f4 Qxg3+ 31. Kxg3 Ne4+ 32. Kf3 Nxf6 33. Rb1 hxg4+ 34. hxg4 Rg7 35. g5 Nh5 36. Rb6 Rc7 37. Rxa6 Kg6 38. Kg4 Ng7 39. Ra8 Nf5 40. Re8 Kf7 41. Ra8 Nxd4 42. Rh8 Kg7 43. Rh6 Ra7 44.
Kh5 Rxa4 45. g6 Ne2 46. Rh7+ Kg8 47. Rc7 Rxf4 48. Rxc6 Rf1 49. Kh6 Rh1+ 50. Kg5 Rg1+ 51. Kf6 Rf1+ 52. Kxe6 Nd4+ 53. Kxd5 Nxc6 54. Kxc6 Rf6+ 55.
Kb7 Kf8 56. c6 Rf1 57. c7 Rb1+ 58. Ka8 Rc1 59. Kb8 Kg7 60. c8=Q Rxc8+ 61. Kxc8 Kxg6 1/2-1/2

[Event "*** Titled Tuesday Blitz"]
[Site "Chess.com"]
[Date "2021.03.09"]
[Round "6"]
[White "SanQui14"]
[Black "atwalcb"]
[Result "0-1"]
[WhiteElo "2373"]
[BlackElo "2532"]
[TimeControl "180+1"]
[EndTime "11:11:46 PST"]
[Termination "atwalcb won by resignation"]

1. d4 d6 2. c4 e5 3. dxe5 dxe5 4. Qxd8+ Kxd8 5. Nf3 f6 6. Nc3 Be6 7. b3 Nd7 8. Bb2 c6 9. g3 a5 10. Bg2 Kc7 11. O-O Bb4 12. Nd2 Ne7 13. Rfd1 Rhd8 14. a3 Bc5 15. Nde4 b6 16. Nxc5 Nxc5 17. b4 axb4 18.
axb4 Rxd1+ 19. Rxd1 Nd7 20. Nd5+ cxd5 21. cxd5 Bxd5 22.
Bxd5 Nxd5 23. Rxd5 Ra4 24. Bc3 Nb8 25. Rd1 Nc6 26.
Rb1 b5 27. h4 Ra2 28. Kf1 Rc2 29. Be1 Nd4 30. e3 Nf3 31. Ra1 e4 32. Rd1 Kc6 33.
Kg2 h5 34. Kf1 f5 35. Kg2 g6 36. Kf1 Ne5 37. Ra1 Nd3 38. Kg2 Kd5 39. Kf1 Kc4 40. Rb1 Rc1 41. Rxc1+ Nxc1 42. Bd2 Nd3 43. Ke2 Nxb4 44. f3 Nd3 45. fxe4 fxe4 46. Kd1 Kb3 47. Ba5 b4 48. Kd2 Kc4 49. Bb6 b3 50. Bd4 Nb4 51.
Bc3 Nd5 52. Bd4 Nc7 53. Be5 Ne6 54. Bf6 Nc7 55. Be5 Nd5 56. Bd4 Ne7 57. Be5 Nf5 58. Bf4 Kb4 59. Kc1 Kc3 60. Kb1 Kd3 61. Kb2 Nxe3 62. Kxb3 Nd5 63. Bd6 e3 0-1

[Event "*** Titled Tuesday Blitz"]
[Site "Chess.com"]
[Date "2021.03.09"]
[Round "6"]
[White "SimplyDevina"]
[Black "BanjoKazooieN64"]
[Result "1-0"]
[WhiteElo "2212"]
[BlackElo "2393"]
[TimeControl "180+1"]
[EndTime "11:11:46 PST"]
[Termination "SimplyDevina won by checkmate"]

1. d4 Nf6 2. c4 g6 3. Nc3 Bg7 4. e4 d6 5. f4 O-O 6. Nf3 Na6 7.
Be2 c5 8. d5 e6 9. O-O exd5 10.
cxd5 Re8 11. Nd2 Nc7 12. a4 b6 13. Bf3 Ba6 14. Re1 b5 15. axb5 Bxb5 16. e5 dxe5 17.
fxe5 Nfxd5 18. Bxd5 Nxd5 19. Nxb5 Bxe5 20. Nf3 Bg7 21. Bg5 Qd7 22. Rxe8+ Rxe8 23. Rxa7 Qe6 24. h3 h6 25. Bh4 Bxb2 26. Qc2 Qe3+ 27. Bf2 Qe2 28. Qxe2 Rxe2 29. Bxc5 Nf4 30. Ra8+ Kh7 31. Bd4 Rxg2+ 32. Kf1 Bxd4 33. Nbxd4 Rg3 34. h4 Rg4 35. Kf2 Ng2 36. Ra7 Kg8 37. Rxf7 Nxh4 38. Ra7 Nxf3 39. Nxf3 Rf4 40. Kg3 Rf6 41. Kg4 Rb6 42. Kg3 Rb4 43. Ne5 Rb6 44. Kg4 Re6 45. Nf3 Rf6 46.
Kg3 g5 47. Kg4 Rf4+ 48. Kg3 Rb4 49. Ne5 h5 50. Nf3 Rb3 51. Kg2 g4 52. Nh4 Rh3 53. Nf5 Rb3 54. Nh6+ Kh8 55. Nf5 Rb2+ 56. Kg3 Rb3+ 57.
Kh4 Rh3+ 58. Kg5 g3 59. Kg6 g2 60. Ra8# 1-0

[Event "*** Titled Tuesday Blitz"]
[Site "Chess.com"]
[Date "2021.03.09"]
[Round "6"]
[White "floplover"]
[Black "bogcsab"]
[Result "1-0"]
[WhiteElo "2302"]
[BlackElo "2156"]
[TimeControl "180+1"]
[EndTime "11:11:47 PST"]
[Termination "floplover won on time"]

1. d4 d6 2. Nf3 Nf6 3. g3 g6 4. Bg2 Bg7 5. O-O O-O 6. a4 Nbd7 7. a5 e5 8. a6 e4 9. Nfd2 d5 10. c4 c6 11. Nc3 bxa6 12. e3 Nb6 13. c5 Nbd7 14.
Qa4 Qc7 15. Nb3 Ne8 16. Na5 Nb8 17. f3 f5 18. Bd2 Rf6 19. Ra3 Nd7 20. fxe4 dxe4 21.
Rf2 Rb8 22. Rb3 Rxb3 23. Qxb3+ Kh8 24. Qa4 h6 25. Bf1 g5 26. b4 Bf8 27. Be2 Ng7 28.
d5 Ne5 29. d6 Qd7 30. Nxe4 Rf7 31. Bc3 fxe4 32. Bxe5 Rxf2 33. Kxf2 Qf5+ 34. Kg2 Qxe5 35. Qxc6 Be6 36. d7 Qb2 37. Kf2 Bg4 38. Qxh6+ Kg8 39.
Qxa6 Bxd7 40. c6 Bg4 41. c7 Qc3 42. Bxg4 Qxc7 43. Be6+ Nxe6 44. Qxe6+ Qf7+ 45. Qxf7+ Kxf7 46. b5 Ke6 47. Nc6 Bc5 48. g4 Kd5 49. Ke2 a6 50. h4 axb5 51. Na5 gxh4 52. Nb3 Kc4 53. Nd2+ Kd5 54. g5 h3 55. Kf2 1-0

[Event "*** Titled Tuesday Blitz"]
[Site "Chess.com"]
[Date "2021.03.09"]
[Round "6"]
[White "DenLaz"]
[Black "AlexPapasimakopoulos"]
[Result "1-0"]
[WhiteElo "2829"]
[BlackElo "2586"]
[TimeControl "180+1"]
[EndTime "11:11:48 PST"]
[Termination "DenLaz won by resignation"]

1. d4 e6 2. c4 Nf6 3. Nf3 Bb4+ 4. Bd2 Qe7 5. g3 Nc6 6. Nc3 b6 7. Bg2 Na5 8. b3 Bb7 9. O-O O-O 10. Qc2 Rac8 11. a3 Bxc3 12. Bxc3 Be4 13. Qb2 Nb7 14. Rfd1 d6 15. Bf1 Rfd8 16. Nd2 Bg6 17. Bg2 d5 18. Rac1 c6 19. e3 Nd6 20. Bb4 Qd7 21. a4 Nde4 22. Nf3 c5 23. dxc5 bxc5 24. Ba5 Re8 25. Ne5 Qb7 26. Nxg6 hxg6 27. Bc3 Nxc3 28. Qxc3 Red8 29.
cxd5 exd5 30. Rb1 Qb6 31. b4 cxb4 32. Qxb4 Qxb4 33. Rxb4 Rc7 34. Rb5 Kf8 35. h3 Ke7 36.
Kf1 Ke6 37. g4 g5 38. Ra5 Rd6 39. Ke2 a6 40. f4 gxf4 41. exf4 Rc2+ 42. Rd2 Rxd2+ 43.
Kxd2 Ne4+ 44. Bxe4 dxe4+ 45. Ke3 Rd3+ 46. Kxe4 Rxh3 47. Rxa6+ Ke7 48. Ra7+ Ke6 49. Ra6+ Ke7 50. a5 Ra3 51. g5 g6 52. Ra8 Ra1 53. a6 Ra4+ 54.
Ke5 Ra5+ 55. Ke4 Ra4+ 56. Kf3 Ra3+ 57. Kg4 Ra4 58. a7 Ra3 59. Kh4 Ra4 60. Kg3 Ra1 61.
f5 Ra3+ 62. Kf2 Ra2+ 63. Ke1 Ra1+ 64. Kd2 Ra2+ 65. Kc3 gxf5 66. g6 fxg6 67. Rg8 Kf6 68. a8=Q Rxa8 69. Rxa8 Ke5 70. Kd3 Kf4 71. Ke2 Kg3 72.
Ra3+ Kg2 73. Ra6 g5 74. Ra5 f4 75. Rxg5+ 1-0

[Event "*** Titled Tuesday Blitz"]
[Site "Chess.com"]
[Date "2021.03.09"]
[Round "6"]
[White "Isajevsky_Anton"]
[Black "ENajer77"]
[Result "0-1"]
[WhiteElo "2473"]
[BlackElo "2618"]
[TimeControl "180+1"]
[EndTime "11:11:51 PST"]
[Termination "ENajer77 won on time"]

1. c4 e5 2. g3 Nc6 3. Bg2 h5 4.
Nf3 e4 5. Nh4 Nf6 6. Nc3 Qe7 7. d3 exd3 8. O-O dxe2 9. Nxe2 d6 10. Re1 Qd8 11. Nd4+ Ne5 12. f4 Be7 13. fxe5 dxe5 14.
Ndf5 Qxd1 15. Rxd1 Bc5+ 16. Be3 Bxe3+ 17. Nxe3 O-O 18.
Nhf5 Re8 19. Rd2 g6 20. Nh4 Kg7 21. Rf1 Rf8 22. Rdf2 Ng4 23. Nxg4 hxg4 24. Re1 f6 25. Be4 f5 26. Bc2 Re8 27. Rd2 Kf6 28. Ng2 Be6 29.
Ne3 Rad8 30. Red1 Rxd2 31. Rxd2 c6 32. b3 Ke7 33. Kf2 a5 34. Nd1 Ra8 35. Nc3 Rh8 36. Ke3 Kf6 37. Rf2 g5 38. Ne4+ Kg6 39. Nd6 e4 40. c5 Rh7 41. a3 Rd7 42. Rd2 Re7 43.
b4 Kf6 44. bxa5 Ke5 45. a6 f4+ 46. Ke2 e3 47. Rd1 bxa6 48. Bd3 Bd5 49. Bxa6 Bf3+ 50. Ke1 Bxd1 51. Nc4+ Kd4 0-1

[Event "*** Titled Tuesday Blitz"]
[Site "Chess.com"]
[Date "2021.03.09"]
[Round "6"]
[White "korkmaz16"]
[Black "Iball95"]
[Result "0-1"]
[WhiteElo "2434"]
[BlackElo "2646"]
[TimeControl "180+1"]
[EndTime "11:11:51 PST"]
[Termination "Iball95 won on time"]

1. e4 c5 2. Nf3 Nc6 3. d4 cxd4 4. Nxd4 g6 5. c4 Nf6 6. Nc3 d6 7. Be2 Nxd4 8. Qxd4 Bg7 9. Be3 O-O 10. Qd2 a5 11. O-O a4 12. f3 Bd7 13. Rfd1 Qa5 14. Rac1 Rfc8 15. Nd5 Nxd5 16. Qxa5 Rxa5 17. cxd5 Raa8 18. Rb1 Rc2 19. Rd2 Rac8 20. Bd3 Rc1+ 21. Rxc1 Rxc1+ 22. Kf2 Ra1 23. b3 Rc1 24. Rc2 Rxc2+ 25.
Bxc2 b5 26. bxa4 bxa4 27. Ke2 f5 28. exf5 gxf5 29. Kd2 Kf7 30. f4 e6 31. dxe6+ Kxe6 32.
g3 d5 33. Bc5 Bb5 34. Bd3 Bxd3 35. Kxd3 h5 36. h3 Kd7 37. a3 Kc6 38. Be3 Bf8 39.
Bc1 Bc5 40. Bb2 Bf2 41. g4 fxg4 42. hxg4 hxg4 43. Ke2 Bc5 44. f5 Kd6 45. Kf1 d4 46. Kg2 Ke5 47. Kg3 Kxf5 48. Bc1 Bd6+ 49. Kg2 d3 50.
Kf2 Bf4 51. Bb2 g3+ 52. Kf3 d2 53. Ke2 Ke4 54. Bc3 g2 55. Bxd2 g1=Q 56. Bxf4 Qg2+ 57.
Kd1 Kd3 0-1

[Event "*** Titled Tuesday Blitz"]
[Site "Chess.com"]
[Date "2021.03.09"]
[Round "6"]
[White "Barbix1"]
[Black "LamaChampetre"]
[Result "1-0"]
[WhiteElo "2430"]
[BlackElo "2222"]
[TimeControl "180+1"]
[EndTime "11:11:51 PST"]
[Termination "Barbix1 won by resignation"]

1. d4 Nf6 2. c4 g6 3. Nc3 d5 4.
cxd5 Nxd5 5. e4 Nxc3 6. bxc3 Bg7 7. Nf3 c5 8. h3 Nc6 9. Be3 Qa5 10. Bd2 O-O 11. Be2 f5 12. exf5 Bxf5 13. O-O cxd4 14.
cxd4 Qd5 15. Rc1 Qd7 16. Be3 Be6 17. Ng5 Bd5 18. Bg4 e6 19. Rc5 Rae8 20. Bf3 h6 21. Bxd5 exd5 22. Nf3 b6 23. Rc1 Ne7 24. Ne5 Qe6 25.
Rc7 Nf5 26. Rxa7 Bxe5 27. dxe5 Qxe5 28. Qg4 Re6 29. Bc1 h5 30. Qg5 d4 31. Rd7 Rd6 32.
Bf4 Qf6 33. Qxf6 Rdxf6 34. Be5 R6f7 35. Rd5 Re8 36. Bxd4 Nxd4 37. Rxd4 Rfe7 38. Rb4 Kg7 39. Rfb1 Re6 40. Rxb6 R8e7 41. Rxe6 Rxe6 42. a4 Kh6 43. a5 Re2 44. Ra1 Re8 45. a6 Ra8 46. a7 Kg7 47.
Ra6 g5 48. g4 hxg4 49. hxg4 Kh7 50. Kg2 Kg7 51. Kf3 Kf7 52. Ke4 Kg7 53. Kf5 Kh7 54. Kxg5 Kg7 55. Kf5 Kf7 56. Ke5 Kg7 57. Kd5 Kf7 58. Kc6 Ke7 59. Kb7 1-0

[Event "*** Titled Tuesday Blitz"]
[Site "Chess.com"]
[Date "2021.03.09"]
[Round "6"]
[White "Blitzstream"]
[Black "SilviusTiberius"]
[Result "0-1"]
[WhiteElo "2741"]
[BlackElo "2523"]
[TimeControl "180+1"]
[EndTime "11:11:52 PST"]
[Termination "SilviusTiberius won on time"]

1. d4 Nf6 2. Bg5 e6 3. Nd2 h6 4. Bh4 d5 5. e3 c5 6. c3 Nc6 7. f4 Be7 8. Ngf3 Ng4 9. Bxe7 Nxe7 10. Bb5+ Bd7 11. Qe2 Bxb5 12. Qxb5+ Qd7 13. Qxd7+ Kxd7 14. Ke2 Nf5 15. Nf1 cxd4 16. exd4 Ke7 17. h3 Nf6 18. g4 Nd6 19. Ne3 Nfe4 20. Rhg1 g5 21. f5 h5 22. fxe6 Kxe6 23. h4 hxg4 24. Rxg4 gxh4 25.
Nxh4 Rag8 26. Rag1 Rxg4 27. Rxg4 f5 28. Rf4 Rh5 29. Nf3 Ne8 30. Rh4 Rxh4 31. Nxh4 Ng7 32. Ng6 Nh5 33. Ng2 Kd6 34. N6f4 Nhf6 35. Ne3 b5 36. Nxf5+ Kc6 37. Ne3 a5 38. Nd3 Kd6 39. Kd1 Nd7 40. Kc2 Nb6 41. Nf5+ Ke6 42. Ne3 Kd6 43.
Nf4 Nf6 44. Nf5+ Kc6 45. b3 a4 46. Ne3 axb3+ 47. axb3 Kd6 48. Nd3 Nbd7 49. Nb4 Nf8 50. Kd3 Ne6 51. Kc2 Nf4 52. Nf1 Ne4 53. Nd2 Ng5 54.
Nb1 Ne2 55. Na3 Ne4 56. Nxb5+ Ke6 57. c4 dxc4 58. bxc4 Kf5 59. c5 Ke6 60. d5+ Ke5 61. c6 Nd6 0-1

[Event "*** Titled Tuesday Blitz"]
[Site "Chess.com"]
[Date "2021.03.09"]
[Round "6"]
[White "Piotrek1979"]
[Black "zeitnot2006"]
[Result "0-1"]
[WhiteElo "2364"]
[BlackElo "2503"]
[TimeControl "180+1"]
[EndTime "11:11:52 PST"]
[Termination "zeitnot2006 won on time"]

1. e4 c6 2. d4 d5 3. exd5 cxd5 4. Bd3 Nc6 5. c3 Nf6 6. Bf4 g6 7. Nf3 Bg7 8. O-O Bg4 9. Nbd2 O-O 10. Qb3 Bxf3 11.
Nxf3 Na5 12. Qa4 a6 13. Rfe1 b5 14. Qc2 Nc4 15. Ne5 Rc8 16. Re2 Re8 17. Rae1 Nh5 18. Bc1 Nf6 19. Qd1 Nxe5 20. dxe5 Nd7 21. e6 fxe6 22. Rxe6 Nc5 23. R6e2 e5 24. Bb1 Qd6 25. a3 Rcd8 26. Ba2 Kh8 27. Bg5 Rd7 28. Rd2 Qf8 29.
Rxd5 Rxd5 30. Qxd5 Ne6 31. Qxe6 Rxe6 32. Bxe6 Bf6 33.
Be3 Qd6 34. Bb3 Kg7 35. Rd1 Qc6 36. Bd5 Qc7 37. Be4 Be7 38. Rd5 Bd6 39. h4 Qc4 40. f3 Qe2 41. Bf2 Be7 42. Rd7 Kf8 43. b4 Qb2 44. Rc7 Qxa3 45. Bd5 Qc1+ 46. Kh2 Qd2 47. Bg3 Qe3 48. Rc8+ Kg7 49. Rc7 Kf8 50. h5 gxh5 51.
c4 h4 52. Rc8+ Kg7 53. Rg8+ Kh6 54. Bxh4 Bxh4 55. cxb5 Qf4+ 56. Kh3 Qd2 57. g3 Qxd5 58. Kxh4 Qxb5 0-1

[Event "*** Titled Tuesday Blitz"]
[Site "Chess.com"]
[Date "2021.03.09"]
[Round "6"]
[White "thechesscorner64"]
[Black "KarateBaby"]
[Result "0-1"]
[WhiteElo "2366"]
[BlackElo "2221"]
[TimeControl "180+1"]
[EndTime "11:11:52 PST"]
[Termination "KarateBaby won by checkmate"]

1. e4 g6 2. d4 Bg7 3. Nc3 d6 4. g3 a6 5. a4 Nd7 6. Bg2 c5 7. d5 Ngf6 8. h3 O-O 9. Nge2 Re8 10. O-O Rb8 11. a5 e6 12. dxe6 Rxe6 13. Nf4 Nf8 14.
Nxe6 Nxe6 15. Nd5 Bd7 16. Nxf6+ Qxf6 17. Qxd6 Rd8 18. Qb6 Bb5 19. Re1 Nd4 20. Qxf6 Bxf6 21. Be3 Nxc2 22. e5 Bxe5 23. Red1 Nd4 24. Bxd4 Bxd4 25.
Rac1 Re8 26. Re1 Rd8 27. Bxb7 Bxb2 28. Rcd1 Rb8 29. Bd5 c4 30. Re7 Rf8 31. Rc7 c3 32. Kg2 Ba4 33. Re1 c2 34. Be4 Re8 35. Bxc2 Rxe1 36.
Bxa4 Re5 37. Rc8+ Kg7 38. Bb3 Rxa5 39. Rc7 Rf5 40. f4 Rf6 41. Kf3 Rb6 42. Bd5 Ba3 43.
g4 Bd6 44. f5 Bxc7 45. fxg6 hxg6 46. Ke4 a5 47. Bc4 Bg3 48. Kd5 Bh4 49. g5 Rb2 50.
Kc5 a4 51. Kd4 a3 52. Kc3 Rb8 53. Bb3 Bxg5 54. Ba2 Bf6+ 55. Kc4 g5 56. Bb3 Kh6 57. h4 Kh5 58. hxg5 Bxg5 59. Ba2 Bf6 60. Kd5 Bb2 61. Ke4 f6 62. Kf5 Rc8 63. Be6 Rc1 64. Bb3 Ra1 65.
Ke4 a2 66. Kd3 Rd1+ 67. Bxd1+ Kg5 68. Kc2 a1=Q 69. Kb3 Qxd1+ 70. Ka2 f5 71. Kxb2 f4 72. Kc3 f3 73. Kb2 f2 74. Ka3 f1=Q 75. Kb4 Qfe2 76. Ka5 Qdd3 77. Kb6 Qee4 78. Kc7 Qdd5 79. Kb8 Qee6 80.
Ka7 Qdd7+ 81. Kb8 Qee8# 0-1

[Event "*** Titled Tuesday Blitz"]
[Site "Chess.com"]
[Date "2021.03.09"]
[Round "6"]
[White "mishanick"]
[Black "Semen_Khanin"]
[Result "1-0"]
[WhiteElo "3012"]
[BlackElo "2839"]
[TimeControl "180+1"]
[EndTime "11:11:53 PST"]
[Termination "mishanick won on time"]

1. e4 e5 2. Nf3 Nc6 3. Bb5 a6 4. Ba4 Bc5 5. c3 Nge7 6. O-O Ba7 7. d4 Ng6 8. Be3 O-O 9. Nbd2 d6 10. Qe2 h6 11. Bxc6 bxc6 12. dxe5 Bxe3 13. Qxe3 dxe5 14. Nc4 Qf6 15. h3 Re8 16. Kh2 Nf4 17. Rad1 Qg6 18. Rg1 f6 19. b3 Qh5 20. Nfd2 Rd8 21. Qf3 Qh4 22. Ne3 Be6 23. Ndc4 Nd3 24. Rd2 Nc5 25. Rgd1 Rxd2 26. Nxd2 Rd8 27. b4 Na4 28. Nb3 Rxd1 29. Nxd1 Qg5 30. Na5 c5 31. a3 cxb4 32.
axb4 Qc1 33. Nc6 Qd2 34. Qh5 Kf8 35. Qf3 Nb6 36. Nxe5 Nc4 37. Nxc4 Bxc4 38. e5 Ke7 39. exf6+ gxf6 40. Ne3 Be6 41. Qf4 Qd6 42. Kg3 Qxf4+ 43.
Kxf4 Kd6 44. Ke4 c5 45. f4 Kc6 46. f5 Bf7 47. Ng4 Bd5+ 48. Kf4 Bxg2 49. Kg3 Be4 50.
Kf4 Bg2 51. Kg3 Be4 52. Nxh6 cxb4 53. cxb4 Kb5 54. Kf4 Bd5 55. h4 Kxb4 56. Ng4 a5 57.
Nxf6 Bf7 58. h5 1-0

[Event "*** Titled Tuesday Blitz"]
[Site "Chess.com"]
[Date "2021.03.09"]
[Round "6"]
[White "DanielDardha2005"]
[Black "arminmusovic"]
[Result "1-0"]
[WhiteElo "2674"]
[BlackElo "2503"]
[TimeControl "180+1"]
[EndTime "11:11:53 PST"]
[Termination "DanielDardha2005 won by resignation"]

1. e4 c6 2. e5 d5 3. exd6 exd6 4. Nf3 d5 5. a4 Bd6 6. d4 Nf6 7. Bd3 O-O 8. O-O Bg4 9. h3 Bh5 10. Nbd2 Re8 11. a5 Nbd7 12. Re1 Nf8 13. Rxe8 Qxe8 14. Qf1 Rc8 15. b3 Ne6 16. Bb2 Bb8 17. Re1 Qd8 18. a6 b5 19. Ne5 Nf4 20. Bf5 Rc7 21. g3 Bg6 22. Nxg6 Nxg6 23. c4 bxc4 24. bxc4 Re7 25. cxd5 Rxe1 26. Qxe1 cxd5 27. Nf3 Qb6 28. Qe2 Bd6 29.
Ne5 Qc7 30. Kg2 Ne7 31. Bd3 Ng6 32. h4 Bxe5 33. dxe5 Nd7 34. e6 Ndf8 35. h5 Ne7 36. exf7+ Kxf7 37. Qf3+ Kg8 38. h6 gxh6 39. Qf6 Neg6 40.
Bd4 Qd7 41. Bf5 Qc7 42. Kh3 h5 43. f4 h4 44. Be6+ Nxe6 45. Qxe6+ Qf7 46. Qxf7+ Kxf7 47. Bxa7 hxg3 48. Be3 d4 49. a7 dxe3 50. a8=Q e2 51. Qa2+ Kf6 52. Qa1+ Kf5 53. Kxg3 Nxf4 54. Qb1+ Ke5 55.
Qb2+ Ke4 56. Qc2+ Ke3 57. Qc1+ Ke4 58. Qxf4+ Kd3 59. Qb4 e1=Q+ 60. Qxe1 h5 61. Qh1 h4+ 62. Qxh4 Ke3 63. Qf4+ Kd3 64. Kf3 Kc2 65. Qe4+ Kd2 66. Qd4+ Ke1 67. Qd5 1-0

[Event "*** Titled Tuesday Blitz"]
[Site "Chess.com"]
[Date "2021.03.09"]
[Round "6"]
[White "elohunter1999"]
[Black "shnitez"]
[Result "1/2-1/2"]
[WhiteElo "2632"]
[BlackElo "2505"]
[TimeControl "180+1"]
[EndTime "11:11:53 PST"]
[Termination "Game drawn - insufficient material"]

1. Nf3 Nf6 2. g3 b6 3. Bg2 Bb7 4. c4 e6 5. O-O c5 6. Nc3 Be7 7. Re1 O-O 8. e4 d6 9. d4 cxd4 10. Nxd4 Qc8 11. Be3 a6 12. Rc1 Nbd7 13.
f4 Re8 14. Bf2 Ra7 15. g4 e5 16. Nf5 g6 17. Nxe7+ Rxe7 18. f5 gxf5 19. gxf5 Qc7 20. Qd2 Ra8 21. Bh4 Kh8 22. Kh1 Rg8 23. Bf3 Ree8 24.
Rg1 Rxg1+ 25. Rxg1 Rg8 26. Rxg8+ Nxg8 27. Qg5 Ndf6 28.
Bf2 Qxc4 29. Kg1 Nxe4 30. Nxe4 Bxe4 31. f6 Bg6 32. h4 Qc2 33. h5 Qf5 34. Qh4 Qxf3 35.
hxg6 fxg6 36. f7 Qxf7 37. Qd8 Qf6 38. Qxb6 e4 39. Qxa6 Qg5+ 40. Kf1 Qc1+ 41. Kg2 Qg5+ 42. Bg3 Nf6 43. Qxd6 Nh5 44. Qe5+ Qxe5 45. Bxe5+ Kg8 46. a4 Kf7 47. a5 Ke6 48. a6 Kxe5 49. a7 Nf4+ 50.
Kf1 e3 51. a8=Q g5 52. Qe8+ Kd4 53. Qd8+ Ke4 54. Qxg5 Kf3 55. Qe7 e2+ 56. Ke1 Ng2+ 57. Kd2 e1=Q+ 58. Qxe1 Nxe1 59. Kxe1 Ke3 60. Kd1 Kd3 61.
Ke1 Kc4 62. Kd2 Kb3 63. Ke3 Kxb2 64. Kf4 Kc3 65. Kg5 Kd4 66. Kh6 Ke5 67. Kxh7 1/2-1/2

[Event "*** Titled Tuesday Blitz"]
[Site "Chess.com"]
[Date "2021.03.09"]
[Round "6"]
[White "suneebaker"]
[Black "kekic76"]
[Result "0-1"]
[WhiteElo "2212"]
[BlackElo "2349"]
[TimeControl "180+1"]
[EndTime "11:11:53 PST"]
[Termination "kekic76 won by resignation"]

1. Nf3 d5 2. g3 c6 3. Bg2 Nf6 4. O-O Bf5 5. d3 h6 6. Nbd2 e6 7. Qe1 Be7 8. e4 Bh7 9. b3 a5 10. a4 O-O 11. Bb2 Na6 12. Ne5 Nd7 13. Nxd7 Qxd7 14.
Nf3 Nb4 15. Qe2 dxe4 16. dxe4 Rfd8 17. Rad1 Qe8 18. Ne5 Bf6 19. Nc4 Bxb2 20. Nxb2 Qe7 21. Nc4 Qc5 22. Rxd8+ Rxd8 23. Rd1 Rxd1+ 24. Qxd1 Bg6 25.
c3 Na2 26. Qc2 b5 27. axb5 cxb5 28. Nxa5 Nxc3 29. Nb7 Qd4 30. h4 Bxe4 31. Bxe4 Nxe4 32. Na5 Nxg3 33. Nc6 Qe4 34. Qxe4 Nxe4 35. Nd4 b4 36. Nc2 Nc5 37. Nxb4 Nxb3 38. Nd3 Nd4 39. Kg2 f6 40.
Nf4 e5 41. Nd5 Kf7 42. Ne3 h5 43. Nf1 Ne6 44. Ng3 Nf4+ 45. Kf3 g6 46. Nf1 Ke6 47. Ne3 g5 48. hxg5 fxg5 49. Kg3 Nd5 50. Nc4 Nf6 51. f3 h4+ 52. Kg2 Kf5 53. Ne3+ Kf4 54. Nc4 e4 55. fxe4 Nxe4 56. Nb2 g4 57. Nd3+ Kf5 58. Ne1 h3+ 59. Kh2 Kg5 60. Nd3 Kh4 61. Nf4 g3+ 62. Kg1 Kg4 63.
Ne2 Kf3 64. Nd4+ Kg4 65. Ne2 Ng5 66. Nd4 Nf3+ 0-1

[Event "*** Titled Tuesday Blitz"]
[Site "Chess.com"]
[Date "2021.03.09"]
[Round "6"]
[White "Milchone1"]
[Black "tylityli"]
[Result "1-0"]
[WhiteElo "2521"]
[BlackElo "2238"]
[TimeControl "180+1"]
[EndTime "11:11:54 PST"]
[Termination "Milchone1 won on time"]

1. Nf3 Nf6 2. c4 c5 3. Nc3 d5 4. cxd5 Nxd5 5. d4 e6 6. e3 Nc6 7. Be2 cxd4 8. exd4 Bd6 9. O-O O-O 10. Re1 h6 11. a3 a6 12. Bd3 b5 13. Nxd5 exd5 14.
Qc2 Bd7 15. Be3 Rc8 16. Qb3 Be6 17. Bd2 Bg4 18. Be2 Bxf3 19. Bxf3 Nxd4 20. Qxd5 Nc2 21. Bc3 Nxa1 22. Rxa1 Bc5 23. Qf5 Qg5 24. Qh3 Rce8 25. Rd1 Re6 26. Qg3 Rfe8 27. Qxg5 hxg5 28. Kf1 Bd6 29.
Bc6 Rd8 30. Bd5 Bc7 31. Bxe6 Rxd1+ 32. Ke2 Rh1 33. Bc8 a5 34. h3 Rg1 35. Bb7 f6 36.
Bc6 b4 37. axb4 axb4 38. Bxb4 Be5 39. b3 Rb1 40. Bd2 Kf7 41. b4 Ke7 42. b5 Rb2 43.
Kd3 Kd6 44. Be3 Rb3+ 45. Ke4 Rb4+ 46. Kf5 Ke7 47. Bc5+ Bd6 48. Bxb4 Bxb4 49. Kg6 Kf8 50. b6 Bd6 51. b7 Bc7 52. Bd5 Bb8 53. g3 Bc7 54. h4 gxh4 55. gxh4 Bb8 56. h5 Be5 57.
Kf5 Bb8 58. Ke6 Ke8 59. Bc6+ Kd8 60. Kf7 Kc7 61. Bg2 Ba7 62. f4 Be3 63. Kxg7 Bxf4 64. h6 Bxh6+ 65. Kxh6 f5 66. Kg5 1-0

[Event "*** Titled Tuesday Blitz"]
[Site "Chess.com"]
[Date "2021.03.09"]
[Round "6"]
[White "Jospem"]
[Black "Vsevolod_Ovchinnikov"]
[Result "1-0"]
[WhiteElo "2933"]
[BlackElo "2511"]
[TimeControl "180+1"]
[EndTime "11:11:55 PST"]
[Termination "Jospem won by resignation"]

1. e4 g6 2. d4 Bg7 3. c3 d6 4. Bd3 Nf6 5. Nf3 Bg4 6. Nbd2 O-O 7. h3 Bd7 8. O-O Nc6 9. e5 Nd5 10. exd6 exd6 11. Ne4 h6 12. Re1 Nb6 13. Ng3 Re8 14.
Rxe8+ Qxe8 15. Bd2 Qf8 16. a4 a5 17. Qc2 Re8 18.
Bb5 Re7 19. Qd3 Nc8 20. Bc4 Nd8 21. Qxg6 d5 22. Bxd5 Bc6 23. Qh5 Bxd5 24. Qxd5 b6 25. Nf5 Re6 26. Qd7 Ne7 27. Nxg7 Kxg7 28. Qxc7 Ng6 29.
d5 Rd6 30. c4 Qe7 31. Qxe7 Nxe7 32. Nd4 Nb7 33. Re1 Kf8 34. Bf4 Rd7 35. Bxh6+ Kg8 36.
Bg5 Ng6 37. Re8+ Kh7 38. Nf5 Nc5 39. h4 f6 40. Be3 Nxa4 41. b3 Nc5 42. Bxc5 bxc5 43.
Ra8 Rb7 44. d6 Ne5 45. Rxa5 Kg6 46. Ne7+ Kf7 47. Rxc5 Rxb3 48. f3 Ke6 49. Nc8 Rc3 50.
h5 Rxc4 51. Rxc4 Nxc4 52. h6 Ne5 53. h7 Nf7 54. Kf2 Kd7 55. Ne7 Nh8 56. Nf5 Ke6 57.
g4 Kd7 58. Ke3 Ng6 59. Ke4 Ke6 60. f4 Kd7 61. Kd4 Nh8 62. Kd5 Ng6 63. Kc5 Nh8 64. Ne3 Ng6 65. Nd5 Ke6 66. f5+ 1-0

[Event "*** Titled Tuesday Blitz"]
[Site "Chess.com"]
[Date "2021.03.09"]
[Round "6"]
[White "imdvb6307"]
[Black "MaevskiyNikolay"]
[Result "0-1"]
[WhiteElo "2372"]
[BlackElo "2520"]
[TimeControl "180+1"]
[EndTime "11:11:57 PST"]
[Termination "MaevskiyNikolay won on time"]

1. c4 a5 2. Nf3 e6 3. g3 a4 4. Bg2 Nf6 5. O-O d5 6. d4 Nbd7 7. c5 c6 8. Nc3 b5 9. cxb6 Nxb6 10.
Ne5 Bb7 11. Nd3 a3 12. b3 Nbd7 13. Na4 Bd6 14. Bf4 Be7 15. Rc1 O-O 16. Ndc5 Nxc5 17. Nxc5 Ba6 18. Rc2 Bb5 19. Qd2 h6 20. h3 Nd7 21. Nxd7 Qxd7 22. Rfc1 Ra6 23. e4 Rd8 24. Be3 Rb8 25. e5 Raa8 26. f4 h5 27. Qe1 Rc8 28. Bd2 Qa7 29. Be3 Kf8 30. Bf3 g6 31. g4 hxg4 32. hxg4 Ke8 33. Rh2 Kd7 34.
Qf2 Rh8 35. f5 gxf5 36. gxf5 Rag8+ 37. Kh1 Bb4 38. Rg1 Bd3 39. f6 Bg6 40. Rg2 Qb8 41. Kg1 c5 42. Rxh8 Rxh8 43. Rh2 Rg8 44. Rg2 cxd4 45.
Bxd4 Qc7 46. Qe3 Rc8 47. Rxg6 Qc1+ 48. Qxc1 Rxc1+ 49. Kf2 fxg6 50. Be2 Bc5 51. Bxc5 Rxc5 52. Bd3 g5 53. Bg6 Rc3 54. Ke2 g4 55. Kd2 Rf3 56. Ke2 d4 57. b4 Re3+ 58. Kd2 Rxe5 59. Kd3 Rg5 60. Be4 e5 61. b5 Ke6 62. b6 Kxf6 63. Bd5 e4+ 64. Kxe4 Re5+ 65. Kxd4 g3 66.
b7 Re8 67. Kc5 Ke5 0-1